 Seeded DCSS version 0.28-a0-1567-g1695149f81 (webtiles) character file.

Game seed: 818 (custom seed)

772 knot the Cleaver (level 7, 39/52 HPs)
             Began as a Demonspawn Berserker on Jan 20, 2022.
             Was a Believer of Trog.
             Quit the game on level 5 of the Dungeon.
             The game lasted 00:04:57 (5290 turns).

knot the Cleaver (Demonspawn Berserker)             Turns: 5290, Time: 00:04:58

Health: 39/52      AC:  6    Str: 17    XL:     7   Next: 53%
Magic:  16/16      EV: 11    Int: 10    God:    Trog [**....]
Gold:   210        SH:  0    Dex: 13    Spells: 6/6 levels left

rFire   . . .      SeeInvis +   a - +0 hand axe
rCold   . . .      Faith    .   (no shield)
rNeg    . . .      Spirit   .   y - +0 ring mail
rPois   .          Reflect  .   (helmet unavailable)
rElec   .          Harm     .   (no cloak)
rCorr   .          Rampage  .   w - +0 pair of gloves
Will    .....                   (no boots)
Stlth   +.........              (no amulet)
HPRegen 0.17/turn               i - ring of see invisible
MPRegen 0.15/turn               u - ring of magical power

@: no status effects
A: horns 3, foul stench 1
a: Renounce Religion, Berserk, Trog's Hand


You were on level 5 of the Dungeon.
You worshipped Trog.
Trog was pleased with you.
You visited 1 branch of the dungeon, and saw 5 of its levels.
You also visited: Sewer.

You collected 210 gold pieces.

Inventory:

Hand Weapons
 a - a +0 hand axe (weapon)
Missiles
 e - 236 stones (quivered)
 k - 39 poisoned darts
 r - 21 sling bullets
 v - 5 curare-tipped darts
Armour
 w - a +0 pair of gloves (worn)
 y - a +0 ring mail (worn)
Jewellery
 i - a ring of see invisible (left hand)
 u - a ring of magical power (right hand)
Scrolls
 c - a scroll of immolation {unknown}
 f - a scroll of noise {unknown}
 h - a scroll of enchant weapon {unknown}
 j - 2 scrolls of amnesia {unknown}
 o - a scroll of vulnerability {unknown}
 q - a scroll of blinking {unknown}
 t - 2 scrolls of teleportation {unknown}
 x - 3 scrolls of identify {unknown}
Potions
 d - a potion of berserk rage {unknown}
 g - 2 potions of magic {unknown}
 l - a potion of invisibility {unknown}
 m - 3 potions of resistance {unknown}
 n - 3 potions of heal wounds {unknown}
 p - a potion of haste {unknown}
 s - a potion of degeneration {unknown}
 z - 2 potions of might {unknown}
 A - a potion of curing
 B - 2 potions of mutation {unknown}


   Skills:
 - Level 3.0 Fighting
 + Level 8.2 Axes
 - Level 1.7 Armour
 - Level 1.7 Dodging


You had 6 spell levels left.
You didn't know any spells.
Your spell library contained the following spells:

 Spells                   Type           Power      Damage    Failure   Level
 Foxfire                  Conj/Fire      0%         2x1d4     56%         1
 Conjure Flame            Conj/Fire      0%         6-21      90%         3
 Ignite Poison            Fire/Tmut/Pois 0%         N/A       90%         3
 Inner Flame              Hex/Fire       0%         N/A       90%         3
 Mephitic Cloud           Conj/Pois/Air  0%         N/A       90%         3
 Flame Wave               Conj/Fire      0%         2d4       100%        4
 Fulminant Prism          Conj/Hex       0%         3d6       100%        4
 Iskenderun's Mystic Bla  Conj/Tloc      0%         2d3       100%        4
 Freezing Cloud           Conj/Ice/Air   0%         6-21      100%        5
 Lee's Rapid Deconstruct  Erth           0%         3d5*      100%        5


Dungeon Overview and Level Annotations

Branches:
Dungeon (5/15)              Sewer (visited)
 Temple: D:4-7

Altars:
Dithmenos
Nemelex Xobeh
Trog

Shops:
D:5 (


Innate Abilities, Weirdness & Mutations

You have a pair of large horns on your head.
You may rarely emit foul miasma when damaged in melee.


Message History

Aim: an ogre, wielding a +0 giant club (almost dead, very poisoned, slow, 73% to hit)
You throw a stone.
The stone hits the ogre but does no damage.
The ogre is almost dead.
You kill the ogre!
Trog accepts your kill.
Your Axes skill increases to level 8!
You start resting.
You start resting.
HP restored.
You start waiting.
Done waiting.
v - 2 curare-tipped darts
e - 236 stones (gained 1)
You see here a +0 giant club.
v - 3 curare-tipped darts (gained 1)
v - 4 curare-tipped darts (gained 1)
k - 32 poisoned darts (gained 2)
v - 5 curare-tipped darts (gained 1);
k - 33 poisoned darts (gained 1)
k - 38 poisoned darts (gained 5)
k - 39 poisoned darts (gained 1)
An iguana comes into view.
An iguana is nearby!
An iguana is nearby!
An iguana is nearby!
Found a stone staircase leading up.
The iguana bites you.
You emit a cloud of foul miasma!
You closely miss the iguana. You headbutt the iguana.
The iguana is moderately wounded.
The iguana is engulfed in dark miasma.
The iguana is poisoned.
The iguana bites you!
You hit the iguana.
You kill the iguana!
Trog accepts your kill.
No target in view!
No target in view!
Unknown command.
Unknown command.
Unknown command.
Are you sure you want to abandon this character and quit the game? (Confirm with "yes".)

##.#........
#............ ..
#..>........ ....
#....#..$..#####.....
...........#.........
.......#...#........
........#.#.........
.................#..
.....#@...<........
......ยง#.......#...
#......##.#....#
....... #....).#
....... ###...)### .
......< #......#..
#......####..........
..............#...#...
...###..)..#.#....


There were no monsters in sight!

Vanquished Creatures
  Duvessa (D:5)
  An ogre (D:5)
  5 kobold brigands (Sewer)
  Dowan (D:5)
  An iguana (D:5)
  6 adders
  An adder skeleton (D:4)
  2 dart slugs (D:2)
  6 worms
  3 orcs (D:3)
  9 endoplasms
  3 giant cockroaches
  9 goblins
  3 hobgoblins
  20 kobolds
  A quokka (D:2)
  5 ball pythons
  10 bats
  7 frilled lizards
  5 rats
99 creatures vanquished.

Vanquished Creatures (others)
  A fungus (Sewer)
  2 plants
3 creatures vanquished.

Grand Total: 102 creatures vanquished

Notes
Turn   | Place    | Note
-------+----------+-------------------------------------------
     0 | D:1      | knot the Demonspawn Berserker began the quest for the Orb.
     0 | D:1      | Reached XP level 1. HP: 18/18 MP: 1/1
   297 | D:1      | Reached skill level 3 in Axes
   634 | D:1      | Gained mutation: You have a pair of small horns on your
                  | head. [demonic ancestry]
   634 | D:1      | Reached XP level 2. HP: 16/24 MP: 2/2
  1241 | D:2      | Reached XP level 3. HP: 20/29 MP: 3/3
  1247 | D:2      | Reached skill level 4 in Axes
  1810 | D:2      | Found a faded altar of an unknown god.
  2031 | D:2      | Reached XP level 4. HP: 35/35 MP: 4/4
  2465 | D:3      | Found a glowing drain.
  2477 | D:3      | Reached ** piety under Trog
  2516 | Sewer    | Entered a sewer
  2779 | Sewer    | Noticed a kobold brigand
  2790 | Sewer    | Killed a kobold brigand
  2791 | Sewer    | Reached skill level 5 in Axes
  2791 | Sewer    | Gained mutation: You have a pair of horns on your head.
                  | [demonic ancestry]
  2791 | Sewer    | Reached XP level 5. HP: 15/41 MP: 5/5
  3054 | Sewer    | Reached skill level 6 in Axes
  3054 | Sewer    | Gained mutation: You have a pair of large horns on your
                  | head. [demonic ancestry]
  3054 | Sewer    | Reached XP level 6. HP: 35/47 MP: 6/6
  3296 | Sewer    | Reached skill level 7 in Axes
  3744 | D:3      | Found a sparkling altar of Nemelex Xobeh.
  4435 | D:4      | Gained mutation: You may rarely emit foul miasma when
                  | damaged in melee. [demonic ancestry]
  4435 | D:4      | Reached XP level 7. HP: 40/52 MP: 7/7
  4622 | D:4      | Found a shadowy altar of Dithmenos.
  4718 | D:4      | Found a bloodstained altar of Trog.
  4909 | D:5      | Entered Level 5 of the Dungeon
  4909 | D:5      | Noticed Dowan
  4922 | D:5      | Found Wuxonga's Weapon Shop.
  4923 | D:5      | Noticed Duvessa
  4931 | D:5      | Killed Dowan
  4933 | D:5      | Killed Duvessa
  4964 | D:5      | Reached skill level 8 in Axes
  5290 | D:5      | Quit the game

Illustrated notes

Levels and vault maps discovered:
D:1:      denvon_arrival_planthouse, layout_basic, kennysheep_crisscross,
          chequers_serial_rivers_micro_b, grunt_decor_mini_mirrors
D:2:      layout_loops_ring, hellmonk_ecumenical_altar_pennies_from_heaven,
          hangedman_abyss_or_decor_lesser_grid
D:3:      kb_forest_paths, layout_rooms, mainiacjoe_overflow_catwalk,
          cheibrodos_sewer_entry_drain, minmay_between
D:4:      layout_rooms, nicolae_dithmenos_the_darkroom, trog_book,
          nrook_mini_vaults
D:5:      layout_basic, mainiacjoe_overflow_cross_hatched, serial_shops,
          shop_coins, shop, nicolae_diamond_shop, nicolae_shop_advertising_works
          [nicolae_subvault_shop_adworks], uniq_pikel, uniq_menkaure,
          uniq_crazy_yiuf_cottage, uniq_duvessa

Skill      XL: |  1  2  3  4  5  6  7 |
---------------+----------------------+-----
Axes           | 3 4 5 6 7 8 |  8.2
Fighting       | |  3.0
Armour         | |  1.7
Dodging        | |  1.7

Action                   |  1- 3 |  4- 6 |  7- 9 || total
-------------------------+-------+-------+-------++-------
Melee: Hand axe          |    81 |   128 |    13 ||   222
       Headbutt          |     6 |    19 |     3 ||    28
Throw: Dart              |       |       |    17 ||    17
       Stone             |       |       |     1 ||     1
Invok: Berserk           |     2 |     4 |     1 ||     7
 Stab: Sleeping          |     4 |     2 |       ||     6
Armor: Animal skin       |    14 |    20 |       ||    34
       Ring mail         |       |       |     3 ||     3
Dodge: Dodged            |    54 |    67 |     5 ||   126

Table legend: (Time is in decaauts)
 A = Elapsed time spent in this place.
 B = Non-inter-level travel time spent in this place.
 C = Inter-level travel time spent in this place.
 D = Time resting spent in this place.
 E = Time spent auto-exploring this place.
 F = Levels seen in this place.
 G = Mean time per level.
                   A        B        C        D        E       F      G
               +--------+--------+--------+--------+--------+-----+--------+
         Total |   5387 |   5266 |    121 |   1391 |   3235 |   6 |  897.8 |
       Dungeon |   4214 |   4093 |    121 |    688 |   2906 |   5 |  842.8 |
         Sewer |   1173 |   1173 |      0 |    703 |    328 |   1 | 1173.0 |
               +--------+--------+--------+--------+--------+-----+--------+

Top non-repeatable levels by time:
     D:2: 1366 daAuts
   Sewer: 1173 daAuts
     D:1: 1132 daAuts
     D:3: 682 daAuts
     D:4: 646 daAuts
     D:5: 386 daAuts
